 Dungeon Crawl Stone Soup version 0.30-a0-719-gcc4359ea44 (webtiles) character file.

Game seed: 11347971427404567905

11 kae the Insei (level 2, 0/21 HPs)
             Began as a Demonspawn Transmuter on Jan 26, 2023.
             Slain by a gnoll
             ... wielding a +0 flail
              (3 damage)
             ... on level 1 of the Dungeon.
             The game lasted 00:00:38 (260 turns).

kae the Insei (Demonspawn Transmuter)                Turns: 260, Time: 00:00:39

Health: 0/21       AC:  2    Str: 10    XL:     2   Next: 13%
Magic:  4/5        EV: 12    Int: 14    God:
Gold:   25         SH:  0    Dex: 13    Spells: 4/5 levels left

rFire   . . .      SeeInvis .      - Unarmed
rCold   . . .      Faith    .    (no shield)
rNeg    . . .      Spirit   .    a - +0 robe
rPois   .          Reflect  .    (helmet currently unavailable)
rElec   .          Harm     .    (no cloak)
rCorr   .          Rampage  .    (no gloves)
Will    .....                    (boots currently unavailable)
Stlth   +                        (no amulet)
HPRegen 0.23/turn                (no ring)
MPRegen 0.09/turn                (no ring)

@: appendages
A: horns 2, talons 2, foul stench 1
a: End Transformation


You were on level 1 of the Dungeon.
You had temporarily grown beastly horns and talons.
You visited 1 branch of the dungeon, and saw 1 of its levels.

You collected 25 gold pieces.


Innate Abilities, Weirdness & Mutations

You have temporarily grown beastly horns and talons.
You may rarely emit foul miasma when damaged in melee.


   Skills:
 - Level 1.0 Fighting
 - Level 1.7 Dodging
 + Level 2.8 Unarmed Combat
 + Level 2.1 Spellcasting
 * Level 2.2 Transmutations


You had 4 spell levels left.
You knew the following spells:

 Your Spells              Type           Power      Damage    Failure   Level
a - Beastly Appendage     Tmut           14%        N/A       10%         1

Your spell library contained the following spells:

 Spells                   Type           Power      Damage    Failure   Level
 Wereblood                Tmut           7%         N/A       14%         2
 Spider Form              Tmut/Pois      4%         N/A       41%         3
 Ice Form                 Ice/Tmut       4%         N/A       83%         4

Inventory:

Missiles
 e - a stone
Armour
 a - a +0 robe (worn)
Jewellery
 C - a ring of ice
   (You found it on level 1 of the Dungeon)
Scrolls
 c - a scroll of identify {unknown}
Potions
 b - a potion of lignification {!q}
 d - a potion of haste {unknown}

Dungeon Overview and Level Annotations

Branches:
Dungeon (1/15) Zot: 5741

Altars:

.# .# .# # .#
..########.#
.........#.#..#
#.....##.#..#+#####
#........#.........
#...r@#..#........
#...rg#..#......).
#.....#..#.....#
#.....#..#.....#
#.....#........#
#.....##.##....#
##+##.##....#)##
#.##.#######.#
######.##.#######.####


You could see a gnoll, a quokka and a rat.


Message History

The kobold hits you with a +0 whip. 😕 HP[-3]
You take 3 damage, and now have 12/15 hp.
A kobold is nearby!
You hit the kobold.
You kill the kobold!
No target in view!
e - a stone
Things that are here:
a +0 whip; a kobold corpse Your transformation is almost over.
Your horns disappear.
Your talons disappear.
Found a stone staircase leading down. 😎 HP[+3] MP[+1]
Your hp is fully restored (15).
Your mp is fully restored (3).
A giant cockroach comes into view.
A dart slug comes into view.
There are monsters nearby!
A goblin comes into view. It is wielding a +0 dagger.
You barely miss the giant cockroach. The giant cockroach bites you. 😕 HP[-1]
You take 1 damage, and now have 14/15 hp.
There are monsters nearby!
There are monsters nearby!
There are monsters nearby!
Casting: Beastly Appendage (safe; 10% risk of failure)
Confirm with . or Enter, or press ? or * to list all spells.
You grow a pair of large bovine horns.
Your feet morph into talons.
The goblin shouts!
The giant cockroach barely misses you. The giant cockroach barely misses you.
The giant cockroach bites you. 😕 MP[-1]
You lost 1 mp, and now have 2/3 mp.
You hit the giant cockroach but do no damage.
Your punch misses the giant cockroach.
The giant cockroach bites you but does no damage.
You closely miss the giant cockroach. The giant cockroach bites you.
You hit the giant cockroach but do no damage.
You claw the giant cockroach, but do no damage.
Your headbutt misses the giant cockroach.
Your transformation is almost over.
The giant cockroach barely misses you.
You hit the giant cockroach.
You kill the giant cockroach!
The dart slug launches a dart at you. The slug dart hits you.
The dart slug completely misses you. 😮 HP[-4]
You take 4 damage, and now have 10/15 hp.
MASSIVE DAMAGE!! (PAUSE)
You hit the dart slug but do no damage. Your headbutt misses the dart slug.
Unknown command.
You hit the dart slug.
The dart slug barely misses you. 😮 HP[+1] Unknown command.
You hit the dart slug. You claw the dart slug.
You kill the dart slug!
You have reached level 2!
Your demonic ancestry asserts itself...
You begin to emit a foul stench of rot and decay. 😮 HP[+4] MP[+1]
You now have 21 max hp (+6).
You regained 4 hp, and now have 15/21 hp.
You hit the goblin.
You kill the goblin! 😮 MP[+1] Unknown command.
Things that are here:
a +0 dagger; a goblin corpse; a dart slug corpse 😕 HP[+1] Unknown command.
Your horns disappear.
Your talons disappear.
A rat comes into view. 😎 HP[+5] MP[+1]
Your hp is fully restored (21).
Your mp is fully restored (5).
A rat is nearby!
A rat is nearby!
A quokka and a gnoll come into view.
The rat twitches its whiskers.
Casting: Beastly Appendage (safe; 10% risk of failure)
Confirm with . or Enter, or press ? or * to list all spells.
You grow a pair of large bovine horns.
Your feet morph into talons.
The gnoll shouts!
The gnoll closely misses you. The rat misses you.
The gnoll completely misses you. 😎 MP[-1]
You lost 1 mp, and now have 4/5 mp.
You hit the gnoll. You claw the gnoll. The rat closely misses you.
The gnoll hits you with a +0 flail.
You hit the gnoll. You claw the gnoll. The rat bites you but does no damage.
The gnoll hits you with a +0 flail!
Ouch! That really hurt!
* * * LOW HITPOINT WARNING * * *
😨 HP[-15]
You take 15 damage, and now have 6/21 hp.
MASSIVE DAMAGE!! (PAUSE)
The quokka attacks as you move away! The quokka bites you.
* * * LOW HITPOINT WARNING * * *
The gnoll attacks as you move away! The gnoll hits you with a +0 flail.
You die...

Skill      XL: |  1 |
---------------+----+-----
Transmutations | 2 |  2.2
Fighting       | |  1.0
Dodging        | |  1.7
Unarmed Combat | |  2.8
Spellcasting   | |  2.1

Action                     || total
---------------------------++-------
  Melee: Unarmed           ||    17
         Kick              ||     5
         Headbutt          ||     1
   Cast: Beastly Appendage ||     5
 Armour: Robe              ||     4
  Dodge: Dodged            ||    12

Levels and vault maps discovered:
D:1:      elethiomel_arrival_maze, layout_basic

Notes
Turn   | Place    | Note
-------+----------+-------------------------------------------
     0 | D:1      | kae the Demonspawn Transmuter began the quest for the Orb.
     0 | D:1      | Reached XP level 1. HP: 15/15 MP: 3/3
     0 | D:1      | magus.rc [v1.11.3]
   144 | D:1      | Reached skill level 2 in Transmutations
   225 | D:1      | Gained mutation: You may rarely emit foul miasma when
                  | damaged in melee. [demonic ancestry]
   225 | D:1      | Reached XP level 2. HP: 15/21 MP: 3/5
   260 | D:1      | HP: 3/21 [quokka (3)]
   260 | D:1      | Slain by a gnoll

Vanquished Creatures
  A dart slug (D:1)
  2 ball pythons (D:1)
  An endoplasm (D:1)
  A giant cockroach (D:1)
  2 goblins (D:1)
  A kobold (D:1)
8 creatures vanquished.

Table legend:
 A = Non-vault XP
 B = Vault XP
 C = Vault XP percentage of total XP
 D = Non-vault monster count
 E = Vault monster count
 F = Vault count percentage of total count
                 A         B        C        D         E       F
            +---------+---------+-------+---------+---------+-------
      Total |      16 |       0 |   0.0 |       8 |       0 |   0.0
            +---------+---------+-------+---------+---------+-------
        D:1 |      16 |       0 |   0.0 |       8 |       0 |   0.0
            +---------+---------+-------+---------+---------+-------

Illustrated notes

Table legend:
 A = Kills in this place as a percentage of kills in entire the game.
 B = Kills by you in this place as a percentage of kills by you in the entire game.
 C = Kills by friends in this place as a percentage of kills by friends in the entire game.
 D = Other kills in this place as a percentage of other kills in the entire game.
 E = Experience gained in this place as a percentage of experience gained in the entire game.
 F = Experience gained in this place divided by the number of levels of this place that you have seen.
                   A       B       C       D       E      F
               +-------+-------+-------+-------+-------+----------------------
         Total | 100.0 | 100.0 |   N/A |   N/A | 100.0 |  16.0
       Dungeon | 100.0 | 100.0 |   N/A |   N/A | 100.0 |  16.0
               +-------+-------+-------+-------+-------+----------------------

Table legend: (Time is in decaauts)
 A = Elapsed time spent in this place.
 B = Non-inter-level travel time spent in this place.
 C = Inter-level travel time spent in this place.
 D = Time resting spent in this place.
 E = Time spent auto-exploring this place.
 F = Levels seen in this place.
 G = Mean time per level.
                   A        B        C        D        E       F      G
               +--------+--------+--------+--------+--------+-----+--------+
         Total |    258 |    258 |      0 |      0 |    207 |   1 |  258.0 |
       Dungeon |    258 |    258 |      0 |      0 |    207 |   1 |  258.0 |
               +--------+--------+--------+--------+--------+-----+--------+

Top non-repeatable levels by time:
     D:1: 258 daAuts
